 Dungeon Crawl Stone Soup version 0.17-a0-1910-g4c791fa (webtiles) character file.

3167 Kusio the Basher (level 9, -1/93 HPs)
             Began as an Ogre Berserker on Sept 26, 2015.
             Was a High Priest of Trog.
             Slain by a giant frog (8 damage)
             ... on level 9 of the Dungeon.
             The game lasted 00:34:43 (6421 turns).

Kusio the Basher (Ogre Berserker)                   Turns: 6421, Time: 00:34:43

Health: -1/93      AC:  4    Str: 25    XL:     9   Next: 94%
Magic:  9/9        EV: 11    Int:  6    God:    Trog [*****.]
Gold:   317        SH:  0    Dex: 11    Spells: 0 memorised, 8 levels left

rFire  + . .     SeeInvis .     h - +0 giant club
rCold  . . .     Clarity  .     D - +1 robe {rN+}
rNeg   + . .     SustAt   .     (no shield)
rPois  +         Gourm    .     (helmet restricted)
rElec  .         Spirit   .     (no cloak)
rCorr  .         Warding  .     (gloves unavailable)
rMut   +         Stasis   .     (boots unavailable)
MR     .....                    a - amulet of resist mutation
Stlth  +.........               z - ring of poison resistance
                                m - ring of protection from fire

@: slowed, very slow, not resistant to hostile enchantments, very unstealthy
A: unfitting armour, tough skin 1
a: Burn Spellbooks, Berserk, Trog's Hand, Brothers in Arms, Renounce Religion


You were on level 9 of the Dungeon.
You worshipped Trog.
Trog was extremely pleased with you.
You were not hungry.

You visited 1 branch of the dungeon, and saw 9 of its levels.

You collected 317 gold pieces.

Inventory:

Hand weapons
 h - a +0 giant club (weapon)
Missiles
 s - 4 javelins
 x - 3 tomahawks (quivered)
Armour
 D - a +1 robe of positive energy (worn)
Jewellery
 a - an amulet of resist mutation (around neck)
 i - an uncursed ring of sustain attributes
 m - a ring of protection from fire (left hand)
 z - a ring of poison resistance (right hand)
Magical devices
 n - a wand of paralysis (1)
 y - a wand of fireball (7)
 C - a wand of flame (29)
Scrolls
 b - a scroll of silence {unknown}
 d - a scroll of blinking
 e - a scroll of magic mapping {unknown}
 l - 2 scrolls of enchant armour {unknown}
 o - 3 scrolls of teleportation
 p - a scroll of enchant weapon {unknown}
 t - 2 scrolls of remove curse
 w - a scroll of immolation {unknown}
 A - a scroll of noise {unknown}
Potions
 j - a potion of heal wounds {unknown}
 r - 2 potions of degeneration {unknown}
 v - 3 potions of curing
 B - a potion of flight {unknown}
 E - a potion of cancellation
Comestibles
 c - 6 bread rations
 g - 13 beef jerkies
 q - 3 meat rations


   Skills:
 + Level 7.5 Fighting
 * Level 13.7 Maces & Flails
 - Level 5.1 Throwing
 + Level 5.2 Dodging


You had 8 spell levels left.
You didn't know any spells.

Dungeon Overview and Level Annotations

Branches:
Dungeon (9/15)             Temple (0/1) D:5            Lair (0/8) D:8
    Orc: D:9-12

Altars:
Trog


Innate Abilities, Weirdness & Mutations

You are too large for most types of armour.
You have tough skin (AC +1).


Message History

Found five items.
There is a stone staircase leading up here.
You closely miss the orc.
The giant frog moves out of view.
Something hits you but does no damage. The orc hits you with a mace.
* * * LOW HITPOINT WARNING * * *
Something hits you but does no damage.
You sock the orc!
You kill the orc!
Trog accepts your kill. The giant frog hits you.
* * * LOW HITPOINT WARNING * * *
Something hits you but does no damage.
Use which ability?
Your two-headed ogre goes berserk!
You feel somewhat more hungry. The giant frog hits you.
* * * LOW HITPOINT WARNING * * *
Something hits you but does no damage. The giant frog hits you!
* * * LOW HITPOINT WARNING * * *
You miss something. The giant frog hits you!
You die...

# .#
.########..#
.../.?.@...#
)#######FO##
..# W?..
.....
..%....
.......
.......


You could see a phantom, a giant frog and a friendly two-headed ogre (berserk).

Vanquished Creatures
  The ghost of Lasan the Grave Robber, an average DDNe of Vehumet (D:5)
  Grinder (D:3)
  A hippogriff (D:7)
  2 sky beasts
  3 ogres
  3 centaurs
  5 giant frogs
  A water moccasin skeleton (D:8)
  3 scorpions
  4 killer bees (D:8)
  A quasit (D:6)
  3 crimson imps
  2 centaur skeletons
  A centaur zombie (D:7)
  3 giant frog skeletons (D:6)
  4 orc priests
  3 hounds
  An iguana (D:7)
  7 orc wizards
  Jessica (D:3)
  4 worker ants
  A hound zombie (D:6)
  A worker ant zombie (D:7)
  Robin (D:4)
  11 gnolls
  2 shadow imps
  14 adders
  An ooze (D:1)
  2 adder zombies
  A worm (D:2)
  5 giant geckos
  26 orcs
  8 bats
  9 giant cockroaches
  11 hobgoblins
  15 jackals
  7 kobolds
  3 quokkas
  A giant gecko skeleton (D:5)
  7 giant newts
  9 goblins
  A jackal skeleton (D:4)
  8 rats
198 creatures vanquished.

Notes
Turn   | Place    | Note
--------------------------------------------------------------
     0 | D:1      | Kusio the Ogre Berserker began the quest for the Orb.
     0 | D:1      | Reached XP level 1. HP: 24/24 MP: 1/1
    81 | D:1      | Reached XP level 2. HP: 32/32 MP: 2/2
   144 | D:1      | Reached skill level 5 in Maces & Flails
   498 | D:1      | Reached XP level 3. HP: 35/39 MP: 3/3
  1064 | D:2      | Acquired Trog's second power
  1109 | D:2      | Reached skill level 6 in Maces & Flails
  1183 | D:2      | Reached XP level 4. HP: 40/48 MP: 4/4
  1424 | D:3      | Noticed Grinder
  1426 | D:3      | Paralysed by Grinder for 3 turns
  1438 | D:3      | Killed Grinder
  1438 | D:3      | Reached skill level 8 in Maces & Flails
  1438 | D:3      | Reached XP level 5. HP: 39/54 MP: 5/5
  1438 | D:3      | Reached XP level 6. HP: 44/62 MP: 6/6
  1597 | D:3      | Noticed Jessica
  1608 | D:3      | Killed Jessica
  2167 | D:4      | Noticed Robin
  2294 | D:4      | Killed Robin
  2296 | D:4      | Reached XP level 7. HP: 55/70 MP: 7/7
  2322 | D:4      | Reached skill level 9 in Maces & Flails
  2944 | D:5      | Entered Level 5 of the Dungeon
  3127 | D:5      | Paralysed by a centaur for 2 turns
  3133 | D:5      | Paralysed by something for 3 turns
  3473 | D:5      | Reached skill level 10 in Maces & Flails
  3615 | D:5      | Found a bloodstained altar of Trog.
  3640 | D:5      | Noticed Lasan's ghost (average DDNe)
  3662 | D:5      | Killed Lasan's ghost
  3662 | D:5      | Reached skill level 5 in Throwing
  3662 | D:5      | Reached XP level 8. HP: 78/78 MP: 8/8
  3725 | D:5      | Reached skill level 11 in Maces & Flails
  3769 | D:5      | Found a staircase to the Ecumenical Temple.
  3863 | D:5      | Acquired Trog's third power
  4230 | D:5      | Reached skill level 5 in Fighting
  4571 | D:6      | Reached skill level 12 in Maces & Flails
  4713 | D:6      | Reached XP level 9. HP: 54/88 MP: 9/9
  5523 | D:7      | Reached skill level 13 in Maces & Flails
  5990 | D:7      | Reached skill level 5 in Dodging
  6382 | D:8      | Found a staircase to the Lair.
  6421 | D:9      | Slain by a giant frog

Vault maps used:
D:1:      dpeg_arrival_stone_temple_mockup, serial_glass, glass_columns_a,
          glass_columns_a, glass_columns_a, glass_columns_b, glass_columns_a,
          glass_columns_b, glass_columns_c, glass_columns_a, glass_columns_c,
          glass_columns_a, glass_columns_b, glass_columns_b, glass_columns_a,
          glass_columns_a
D:3:      uniq_jessica, uniq_grinder
D:4:      first_bread, serial_glass, glass_columns_a, glass_columns_b,
          uniq_robin
D:5:      lemuel_round_altar, minmay_temple_entry_mist
D:6:      st_stairs_7
D:7:      grunt_ogre_cave
D:8:      lair_0_dummy, mrwooster_statue_mirror
D:9:      tso_altar

Action                   |  1- 3 |  4- 6 |  7- 9 || total
-------------------------+-------+-------+-------++-------
Melee: Mace              |    95 |   125 |   280 ||   500
       Giant club        |       |       |   162 ||   162
Throw: Stone             |     7 |       |       ||     7
       Tomahawk          |     8 |    11 |    19 ||    38
       Throwing net      |     1 |       |     2 ||     3
       Javelin           |       |     5 |    19 ||    24
Invok: Berserk           |       |     2 |     5 ||     7
       Trog's Hand       |       |     1 |       ||     1
       Brothers in Arms  |       |       |     1 ||     1
Evoke: Wand              |       |       |     4 ||     4
  Use: Scroll            |     5 |     1 |     9 ||    15
 Stab: Sleeping          |     1 |       |     2 ||     3
  Eat: Chunk             |     1 |     6 |    18 ||    25
       Fruit             |       |       |     1 ||     1
